 Dungeon Crawl Stone Soup version 0.16-a0-1009-g0339a9e (webtiles) character file.

1253 Ratboiler the Gouger (level 8, -5/32 HPs)
             Began as a Felid Berserker on Oct 3, 2014.
             Was a High Priest of Trog.
             Splashed by a jelly's acid (6 damage)
             ... on Level 6 of the Dungeon.
             The game lasted 00:22:13 (6451 turns).

Ratboiler the Gouger (Felid Berserker)              Turns: 6451, Time: 00:22:14

HP  -5/32        AC  2     Str 15      XL: 8   Next: 26%
MP  13/13        EV 21     Int  9      God: Trog [*****.]
Gold 68          SH  0     Dex 17      Spells:  0 memorised,  7 levels left
Lives: 0, deaths: 2

rFire  . . .     SeeInvis +       - Unarmed
rCold  . . .     Clarity  .     (armour unavailable)
rNeg   + . .     rCorr    +     (shield unavailable)
rPois  .         rRot     .     (helmet unavailable)
rElec  .         Spirit   .     (cloak unavailable)
SustAb .         Warding  .     (gloves unavailable)
rMut   .         Stasis   .     (boots unavailable)
Gourm  .                        h - amulet of resist corrosion
MR     +....                    e - cursed ring of positive energy
                                (no ring)

@: exhausted, slowed, slow, somewhat resistant to hostile enchantments,
unstealthy
A: paw claws, no armour, no weapons or thrown items, fangs 3, see invisible,
carnivore 3, deterioration 1, speed 1, frail 1, shaggy fur 2, slow metabolism 1,
strong 1, jump 2
a: Jump Attack, Burn Spellbooks, Berserk, Trog's Hand, Brothers in Arms,
Renounce Religion


You were on level 6 of the Dungeon.
You worshipped Trog.
Trog was extremely pleased with you.
You were full.

You visited 1 branch of the dungeon, and saw 6 of its levels.

You collected 311 gold pieces.
You spent 243 gold pieces at shops.

Inventory:

Magical devices
 k - a wand of random effects (12)
Comestibles
 c - 5 meat rations
 g - a beef jerky
 q - a slice of pizza
 s - a royal jelly
Scrolls
 a - 2 scrolls of magic mapping
 b - a scroll of fear
 i - a scroll of enchant armour {unknown}
 l - a scroll of fog {unknown}
 o - a scroll of noise
 p - a scroll of remove curse
 r - a scroll of teleportation {unknown}
 u - a scroll of recharging {unknown}
Jewellery
 e - a cursed ring of positive energy (right paw)
 h - an amulet of resist corrosion (around neck)
Potions
 d - a potion of might
 f - a potion of restore abilities
 j - 2 potions of invisibility
 m - a potion of agility
 n - a potion of heal wounds
 t - 3 potions of curing
 v - a potion of magic


   Skills:
 + Level 4.0 Fighting
 + Level 5.3 Dodging
 + Level 11.3 Unarmed Combat


You had 7 spell levels left.
You didn't know any spells.

Dungeon Overview and Level Annotations

Branches:
Dungeon (6/15)             Temple (0/1) D:4

Altars:
Cheibriados
Dithmenos
Kikubaaqudgha
Nemelex Xobeh
Trog
Yredelemnul
The Shining One

Shops:
D:4 *(!%(

Annotations:
D:2 Sigmund


Innate Abilities, Weirdness & Mutations

You cannot wear armour.
You are incapable of wielding weapons or throwing items.
Your paws have sharp claws.
You have razor-sharp teeth.
You have supernaturally acute eyesight.
You are carnivorous and can eat meat at any time.
You cover ground quickly.
You are covered in thick fur (AC +2).
You have a slow metabolism.
You can jump attack at a medium distance.
Your body is slowly deteriorating.
You are frail (-10% HP).
Your muscles are strong. (Str +2)


Message History

You hear a slurping noise.
The jelly splits in two!
The jelly misses you.
Unknown command.
Unknown command.
Unknown command.
You scratch the jelly.
Your paws burn!
* * * LOW HITPOINT WARNING * * *
You claw the jelly.
The jelly is lightly wounded.
The jelly barely misses you. The jelly completely misses you.
Unknown command.
You scratch the jelly but do no damage.
Your paws burn!
* * * LOW HITPOINT WARNING * * *
You bite the jelly.
The jelly is moderately wounded.
The jelly jiggles.
The jelly closely misses you. The jelly hits you.
* * * LOW HITPOINT WARNING * * *
You are splashed with acid!
The acid burns!
You resist.
You die...

# . #### # ...# ..# ##.#
#### #...# ##.# #.. .....
...# #.######..#.##
###########.##.J...[.....
..............JJ@...(....
.###.######.##J#.#..#..##
.# #.# #....#.# .#
####.#######.....# #
...........#.#####
####.#####.#.#
.#.J.......#.#
.....#######J##
...............


You could see 4 jellies.

Vanquished Creatures
  The ghost of Restia the Firebug, an experienced DEFE (D:5)
  Menkaure (D:6)
  A phantom (D:5)
  2 ogres (D:4)
  2 ice beasts
  A centaur (D:5)
  Blork the orc (D:5)
  A gnoll sergeant (D:5)
  A scorpion (D:6)
  2 jellies (D:6)
  4 orc wizards
  A gnoll shaman (D:5)
  2 orc priests
  2 worker ants
  Ijyb (D:2)
  An ogre skeleton (D:4)
  33 gnolls (D:5)
  8 adders
  6 worms
  An orc zombie (D:4)
  A giant gecko (D:3)
  2 oozes (D:2)
  7 orcs
  5 bats
  7 giant cockroaches
  7 goblins
  15 hobgoblins
  21 jackals
  9 kobolds
  3 ball pythons
  2 giant newts
  A goblin zombie (D:5)
  3 hobgoblin zombies
  2 quokkas
  12 rats
169 creatures vanquished.

Vanquished Creatures (collateral kills)
  An ice beast (D:6)
  A gnoll shaman (D:5)
  10 gnolls (D:5)
  A rat (D:6)
13 creatures vanquished.

Grand Total: 182 creatures vanquished

Notes
Turn   | Place    | Note
--------------------------------------------------------------
     0 | D:1      | Ratboiler, the Felid Berserker, began the quest for the Orb.
     0 | D:1      | Reached XP level 1. HP: 10/10 MP: 2/2
   234 | D:1      | Reached XP level 2. HP: 14/14 MP: 3/3
   693 | D:1      | Acquired Trog's second power
   852 | D:2      | Reached XP level 3. HP: 13/17 MP: 5/5
   924 | D:2      | Found a glowing golden altar of the Shining One.
  1228 | D:2      | Noticed Sigmund
  1498 | D:2      | Noticed a yellow wasp
  1498 | D:2      | Noticed a soldier ant
  1651 | D:2      | Noticed Ijyb
  1738 | D:2      | Killed Ijyb
  1738 | D:2      | Reached skill level 5 in Unarmed Combat
  1738 | D:2      | Reached XP level 4. HP: 18/21 MP: 7/7
  2187 | D:3      | Found an ancient bone altar of Kikubaaqudgha.
  2578 | D:4      | Found a bloodstained altar of Trog.
  2639 | D:4      | Found a basalt altar of Yredelemnul.
  2674 | D:4      | Noticed an ogre
  2674 | D:4      | Reached XP level 5. HP: 22/24 MP: 8/8
  2839 | D:4      | Found Qarovvan's Assorted Antiques.
  2854 | D:4      | Reached skill level 6 in Unarmed Combat
  2911 | D:4      | Found Giqizyst's Antique Weapon Shop.
  3162 | D:4      | Found Gaubit's Antique Weapon Boutique.
  3316 | D:4      | Noticed an ice beast
  3322 | D:4      | Found Pufaux's Food Shop.
  3322 | D:4      | Noticed an ogre
  3376 | D:4      | Killed an ogre
  3376 | D:4      | Reached skill level 7 in Unarmed Combat
  3376 | D:4      | Gained mutation: You are covered in thick fur (AC +2). [growing up]
  3376 | D:4      | Gained mutation: You can jump attack at a medium distance. [growing up]
  3376 | D:4      | Reached XP level 6. HP: 28/28 MP: 10/10
  3482 | D:4      | Bought a scroll labeled WUQIWULUGU for 27 gold pieces
  3482 | D:4      | Bought a scroll labeled VOLIPR CEAKADO for 27 gold pieces
  3482 | D:4      | Bought a scroll labeled MEZUOX ETZAFRIVU for 27 gold pieces
  3482 | D:4      | Bought a brown potion for 24 gold pieces
  3619 | D:4      | Found Shaopes' Distillery.
  3623 | D:4      | Bought a potion of heal wounds for 36 gold pieces
  3623 | D:4      | Bought a potion of magic for 66 gold pieces
  3623 | D:4      | Bought a potion of curing for 24 gold pieces
  3623 | D:4      | Bought a potion of poison for 12 gold pieces
  3630 | D:4      | Found a staircase to the Ecumenical Temple.
  3722 | D:4      | Killed an ice beast
  3814 | D:5      | Entered Level 5 of the Dungeon
  3816 | D:5      | Noticed Restia's ghost (experienced DEFE)
  3859 | D:5      | Reached skill level 8 in Unarmed Combat
  3859 | D:5      | Reached XP level 7. HP: 28/31 MP: 12/12
  4080 | D:5      | Noticed Blork the orc
  4091 | D:5      | Killed from afar by Restia's ghost
  4092 | D:5      | Reached XP level 6. HP: -20/28 MP: 10/10
  4092 | D:5      | Found a shadowy altar of Dithmenos.
  4150 | D:5      | Killed Blork the orc
  4204 | D:5      | Killed Restia's ghost
  4204 | D:5      | Reached skill level 9 in Unarmed Combat
  4204 | D:5      | Reached XP level 7. HP: 28/31 MP: 12/12
  4284 | D:4      | Killed an ogre
  4453 | D:5      | Acquired Trog's third power
  4544 | D:5      | Found a sparkling altar of Nemelex Xobeh.
  4798 | D:5      | Reached skill level 10 in Unarmed Combat
  5162 | D:5      | Slain by a gnoll
  5163 | D:5      | Reached XP level 6. HP: -1/42 MP: 10/10
  5471 | D:5      | Reached XP level 7. HP: 31/31 MP: 12/12
  6169 | D:5      | Reached skill level 11 in Unarmed Combat
  6325 | D:6      | Reached XP level 8. HP: 35/35 MP: 13/13
  6346 | D:6      | Noticed Menkaure
  6354 | D:6      | Killed Menkaure
  6354 | D:6      | Reached skill level 5 in Dodging
  6363 | D:6      | Found a snail-covered altar of Cheibriados.
  6366 | D:6      | Gained mutation: Your muscles are strong. (Str +2) [potion of mutation]
  6366 | D:6      | Gained mutation: Your body is slowly deteriorating. [potion of mutation]
  6366 | D:6      | Gained mutation: You are frail (-10% HP). [potion of mutation]
  6451 | D:6      | HP: 1/32 [jelly (2)]
  6451 | D:6      | Splashed by a jelly's acid

Action                   |  1- 3 |  4- 6 |  7- 9 || total
-------------------------+-------+-------+-------++-------
Melee: Unarmed           |   120 |   167 |   183 ||   470
Invok: Berserk           |     2 |    12 |    15 ||    29
       Burn Spellbooks   |       |     1 |       ||     1
       Brothers in Arms  |       |       |     3 ||     3
Evoke: Wand              |       |     2 |       ||     2
  Use: Scroll            |       |     5 |     6 ||    11
       Potion            |       |     1 |     1 ||     2
 Stab: Sleeping          |     2 |     1 |     1 ||     4
       Distracted        |       |       |     1 ||     1
  Eat: Chunk             |     7 |    20 |    16 ||    43
